 Dungeon Crawl Stone Soup version 0.23.0-2-g0fe3ce5905 (webtiles) character file.

Game seed: 620836369408868897

15929 Revguard the Carver (level 12, -5/95 HPs)
             Began as a Demonspawn Monk on Feb 20, 2019.
             Was an Elder of Ashenzari.
             Slain by a cyclops (18 damage)
             ... on level 11 of the Dungeon.
             The game lasted 00:44:31 (11928 turns).

Revguard the Carver (Demonspawn Monk)              Turns: 11928, Time: 00:44:31

Health: -5/95      AC: 14    Str: 19    XL:     12   Next: 5%
Magic:  15/15      EV: 15    Int: 11    God:    Ashenzari [****..]
Gold:   527        SH:  0    Dex: 18    Spells: 11/11 levels left

rFire    x . .     SeeInvis +   h - +0 long sword (curse)
rCold    + . .     Gourm    .   (no shield)
rNeg     . . .     Faith    .   o - +2 ring mail "Ekun" {*Slow rPois Str+2 Slay+3} (curse)
rPois    +         Spirit   .   (helmet unavailable)
rElec    .         Reflect  .   w - +1 cloak {MR+} (curse)
rCorr    .         Harm     .   (no gloves)
MR       +....     Clarity  +   x - +0 pair of boots
Stlth    ++........             (no amulet)
HPRegen  0.25/turn              (no ring)
MPRegen  0.14/turn              a - ring of ice

@: no status effects
A: horns 3, talons 1, icy blue scales 1, see invisible, demonic guardian 1, foul
stench 1, high mp 1, strong 1, rot immunity
a: Curse Item, Scrying, Renounce Religion


You were on level 11 of the Dungeon.
You worshipped Ashenzari.
Ashenzari was greatly pleased with you.
You were hungry.

You visited 2 branches of the dungeon, and saw 12 of its levels.
You visited the Abyss 1 time.
You also visited: Sewer.

You collected 647 gold pieces.
You spent 120 gold pieces at shops.

Inventory:

Hand Weapons
 h - a cursed +0 long sword (weapon)
Armour
 d - a +1 cloak
 e - a +0 troll leather armour
 o - the cursed +2 ring mail "Ekun" (worn) {*Slow rPois Str+2 Slay+3}
   (You found it on level 6 of the Dungeon)

   It affects your strength (+2).
   It affects your accuracy and damage with ranged weapons and melee attacks
   (+3).
   It protects you from poison.
   It may slow you when you take damage.
   It has a curse placed upon it.
 q - a +0 scale mail
 w - a cursed +1 cloak of magic resistance (worn)
 x - a +0 pair of boots (worn)
Jewellery
 a - a ring of ice (right hand)
 g - an uncursed amulet of magic regeneration
 k - an uncursed ring of see invisible
Wands
 r - a wand of paralysis (4)
 v - a wand of flame (30)
Scrolls
 f - 2 scrolls of amnesia
 l - 2 scrolls of blinking
 m - 3 scrolls of enchant armour
 n - a scroll of random uselessness {unknown}
 s - 6 scrolls of enchant weapon {unknown}
 t - 3 scrolls of identify
 u - 2 scrolls of vulnerability {unknown}
 y - a scroll of fear {unknown}
 A - a scroll of noise {unknown}
 B - 2 scrolls of teleportation
 C - a scroll of acquirement {unknown}
Potions
 b - a potion of resistance
 i - 2 potions of flight
 p - a potion of brilliance
Comestibles
 c - 19 rations


   Skills:
 + Level 9.2 Fighting
 + Level 12.1(15.2) Long Blades
 + Level 7.8 Armour
 + Level 6.7 Dodging
 + Level 4.4 Stealth
 + Level 3.0 Evocations


You had 11 spell levels left.
You didn't know any spells.
Your spell library contained the following spells:

 Spells                   Type           Power        Failure   Level  Hunger
 Animate Skeleton         Necr           N/A          50%         1    ##.....
 Apportation              Tloc           #.....       50%         1    ##.....
 Confusing Touch          Hex            #.....       50%         1    ##.....
 Freeze                   Ice            #...         50%         1    ##.....
 Summon Small Mammal      Summ           #...         50%         1    ##.....
 Throw Frost              Conj/Ice       #.....       63%         2    ###....
 Ozocubu's Armour         Chrm/Ice       #.......     86%         3    ####...
 Summon Ice Beast         Ice/Summ       #.......     99%         4    #####..
 Throw Icicle             Conj/Ice       #.......     99%         4    #####..


Dungeon Overview and Level Annotations

Branches:
Dungeon (11/15)            Temple (1/1) D:5            Lair (0/6) D:9
    Orc (0/2) D:9

Altars:
Ashenzari
Cheibriados
Dithmenos
Elyvilon
Fedhas
Gozag
Hepliaklqana
Kikubaaqudgha
Makhleb
Nemelex Xobeh
Okawaru
Qazlal
Ru
Sif Muna
Trog
Uskayaw
Vehumet
Wu Jian
Xom
Yredelemnul
Zin
The Shining One

Shops:
D:6 =   D:8 (   D:9 [=%   D:10 !


Innate Abilities, Weirdness & Mutations

You have a pair of large horns on your head.
You are partially covered in icy blue scales. (AC +2)
A weak demonic guardian rushes to your aid.
You may emit foul miasma when damaged in melee.
You are immune to rotting.
You have sharp toenails.
You have supernaturally acute eyesight. (SInv)
You have an increased reservoir of magic. (+10% MP)
Your muscles are strong. (Str +2)


Message History

Your ufetubus dies!
You see here a water moccasin corpse.
You swap places.
Your ufetubus completely misses the crimson imp.
Your ufetubus closely misses the crimson imp.
The cyclops throws a large rock.
The large rock hits you!!!
* * * LOW HITPOINT WARNING * * *
You see here 2 large rocks.
You feel better.
The crimson imp hits you but does no damage.
Your ufetubus hits the cyclops but does no damage.
Your ufetubus barely misses the cyclops.
You hit the cyclops. You headbutt the cyclops!
The cyclops is moderately wounded.
The crimson imp closely misses you.
Your ufetubus hits the cyclops but does no damage. x2
You hit the cyclops. You headbutt the cyclops!
The cyclops is severely wounded.
The cyclops hits you!!
You die...

* , ......... , *
........##*** * * *,
, .........######
*,** *
..............#* *
...............
,*,,*
*,............... *
, **
.......†.......,
..#*
*.......C....... ..#
#.....5@5...... ..#
, ...###..(......
..# , ,.. ##†.......
.### , . ,
#......... ....#* ,
##......... #* ... *
**###.......... * #
* *.. *
##............,* # *
#.###..##.........
###
###.....####........


You could see a cyclops, a crimson imp and a friendly ufetubus.

Vanquished Creatures
  3 death yaks (D:9)
  5 two-headed ogres
  A thrashing horror (Abyss:1)
  An ugly thing (D:11)
  A manticore (D:11)
  Joseph (D:9)
  A centaur zombie (D:10)
  A centaur skeleton (D:11)
  A komodo dragon (D:11)
  A troll (D:10)
  4 hippogriffs
  A vampire (D:10)
  10 yaks (D:9)
  5 hungry ghosts
  A water moccasin (D:11)
  6 orc warriors
  4 sky beasts
  A hornet zombie (D:6)
  An ogre (D:10)
  8 necrophages
  2 phantoms
  4 centaurs
  A crocodile (D:7)
  A gnoll sergeant (D:10)
  3 bullfrogs
  2 wyvern zombies
  A wyvern skeleton (D:10)
  2 scorpions (D:6)
  8 wights
  2 howler monkeys (D:10)
  3 crimson imps
  A bullfrog zombie (D:6)
  5 jellies
  5 hounds
  4 orc priests
  Crazy Yiuf (D:7)
  A bullfrog skeleton (D:10)
  5 iguanas
  6 orc wizards
  8 worker ants
  A killer bee zombie (D:10)
  A worker ant zombie (D:5)
  12 gnolls
  9 adders
  6 river rats (Sewer)
  2 shadow imps
  An ufetubus (Abyss:1)
  5 oozes
  A worm (D:4)
  2 dart slugs
  3 leopard geckos
  44 orcs
  4 bats (D:1)
  4 giant cockroaches
  5 goblins
  5 hobgoblins
  8 jackals
  15 kobolds
  4 quokkas
  5 ball pythons
  A frilled lizard (D:3)
  A leopard gecko skeleton (D:4)
  A quokka zombie (D:9)
  23 rats
  A fungus (D:7)
286 creatures vanquished.

Vanquished Creatures (collateral kills)
  Sigmund (D:4)
  A yak (D:9)
  Duvessa (D:7)
  2 black bears
  A sky beast (D:3)
  2 ogres
  A bullfrog (D:6)
  2 big kobolds (Sewer)
  Dowan (D:7)
  A howler monkey (D:11)
  A centaur zombie (D:9)
  A bullfrog skeleton (D:11)
  2 river rats (Sewer)
  A shadow imp (D:10)
  An ooze (Sewer)
  6 orcs
  2 ball pythons (D:4)
  3 kobolds (Sewer)
  5 rats
35 creatures vanquished.

Vanquished Creatures (others)
  2 withered plants (D:10)
2 creatures vanquished.

Grand Total: 323 creatures vanquished

Notes
Turn   | Place    | Note
-------+----------+-------------------------------------------
     0 | D:1      | Revguard the Demonspawn Monk began the quest for the Orb.
     0 | D:1      | Reached XP level 1. HP: 18/18 MP: 1/1
   226 | D:1      | Gained mutation: A weak demonic guardian rushes to your
                  | aid. [demonic ancestry]
   226 | D:1      | Reached XP level 2. HP: 24/24 MP: 2/2
   301 | D:1      | Reached skill level 3 in Long Blades
   570 | D:1      | Gained mutation: You have a pair of small horns on your
                  | head. [demonic ancestry]
   570 | D:1      | Reached XP level 3. HP: 29/29 MP: 3/3
  1603 | D:3      | Gained mutation: You are immune to rotting. [demonic
                  | ancestry]
  1603 | D:3      | Reached XP level 4. HP: 37/37 MP: 4/4
  1606 | D:3      | Noticed a sky beast
  1635 | D:3      | Killed a sky beast
  1635 | D:3      | Reached skill level 4 in Long Blades
  1635 | D:3      | Reached skill level 1 in Armour
  1635 | D:3      | Reached XP level 5. HP: 22/42 MP: 5/5
  1731 | D:3      | Found a glowing golden altar of the Shining One.
  2286 | D:4      | Gained mutation: Your mind is acute. (Int +2) [potion of
                  | mutation]
  2286 | D:4      | Gained mutation: Your system is resistant to poisons.
                  | (rPois) [potion of mutation]
  2311 | D:4      | Noticed Sigmund
  2313 | D:4      | Found a glowing drain.
  2363 | D:4      | Killed Sigmund
  2363 | D:4      | Reached XP level 6. HP: 14/48 MP: 6/6
  2491 | Sewer    | Entered a sewer
  2763 | Sewer    | Reached skill level 5 in Long Blades
  3101 | Sewer    | Gained mutation: You may emit foul miasma when damaged in
                  | melee. [demonic ancestry]
  3101 | Sewer    | Reached XP level 7. HP: 48/54 MP: 7/7
  3810 | D:5      | Entered Level 5 of the Dungeon
  4168 | D:5      | Found a staircase to the Ecumenical Temple.
  4176 | Temple   | Entered the Ecumenical Temple
  4234 | Temple   | Became a worshipper of Ashenzari the Shackled
  4234 | Temple   | Reached * piety under Ashenzari
  4234 | Temple   | Reached ** piety under Ashenzari
  4893 | D:6      | Identified the +2 ring mail "Ekun" {*Slow rPois Str+2
                  | Slay+3}
  4911 | D:6      | Reached skill level 5 in Fighting
  4920 | D:6      | Reached skill level 6 in Long Blades
  5093 | D:6      | Reached XP level 8. HP: 56/62 MP: 8/8
  5110 | D:6      | Found Qiuts's Jewellery Shoppe.
  5800 | D:6      | Reached skill level 7 in Long Blades
  6623 | D:6      | Lost mutation: Your mind is acute. (Int +2) [potion of
                  | mutation]
  6623 | D:6      | Gained mutation: You have an increased reservoir of magic.
                  | (+10% MP) [potion of mutation]
  6623 | D:6      | Gained mutation: You are frail. (-10% HP) [potion of
                  | mutation]
  6623 | D:6      | Gained mutation: Your mind is acute. (Int +2) [potion of
                  | mutation]
  6740 | D:7      | Noticed Dowan
  6745 | D:7      | Noticed Duvessa
  6752 | D:7      | Gained mutation: You are partially covered in icy blue
                  | scales. (AC +2) [demonic ancestry]
  6752 | D:7      | Reached XP level 9. HP: 45/62 MP: 9/9
  6759 | D:7      | Killed Duvessa
  6760 | D:7      | Reached skill level 8 in Long Blades
  6761 | D:7      | Killed Dowan
  6803 | D:7      | Reached skill level 5 in Armour
  6942 | D:7      | Reached *** piety under Ashenzari
  7216 | D:7      | Found a runed translucent door.
  7217 | D:7      | Noticed Crazy Yiuf
  7224 | D:7      | Killed Crazy Yiuf
  7591 | D:8      | Found Giet's Weapon Shoppe.
  7943 | D:8      | Found a hazy altar of Hepliaklqana.
  7944 | D:8      | Identified the +7 short sword "Hala Ole" {holy, Int+2}
  8104 | D:9      | Found a staircase to the Lair.
  8104 | D:9      | Noticed a death yak
  8104 | D:9      | Noticed a death yak
  8104 | D:9      | Noticed a death yak
  8160 | D:9      | Noticed a two-headed ogre
  8162 | D:9      | Found Tatat's Food Emporium.
  8176 | D:9      | Killed a two-headed ogre
  8176 | D:9      | Reached skill level 9 in Long Blades
  8205 | D:9      | Lost mutation: You are frail. (-10% HP) [potion of
                  | mutation]
  8205 | D:9      | Lost mutation: Your mind is acute. (Int +2) [potion of
                  | mutation]
  8205 | D:9      | Lost mutation: Your system is resistant to poisons. (rPois)
                  | [potion of mutation]
  8205 | D:9      | Gained mutation: Armour fits poorly on your strangely
                  | shaped body. [potion of mutation]
  8205 | D:9      | Gained mutation: You have sharp toenails. [potion of
                  | mutation]
  8205 | D:9      | Gained mutation: Your spells are a little easier to cast,
                  | but a little less powerful. [potion of mutation]
  8205 | D:9      | Gained mutation: Your flesh is cold resistant. (rC+)
                  | [potion of mutation]
  8225 | D:9      | Found Ocumefesa's Jewellery Emporium.
  8225 | D:9      | Noticed Joseph
  8242 | D:9      | Killed Joseph
  8338 | D:9      | Reached **** piety under Ashenzari
  8346 | D:9      | Gained mutation: You have a pair of horns on your head.
                  | [demonic ancestry]
  8346 | D:9      | Reached XP level 10. HP: 52/77 MP: 11/11
  8617 | D:9      | Reached skill level 5 in Dodging
  8641 | D:9      | Killed a death yak
  8655 | D:9      | Killed a death yak
  8655 | D:9      | Reached skill level 1 in Evocations
  8657 | D:9      | Reached skill level 10 in Long Blades
  8687 | D:9      | Killed a death yak
  8980 | D:9      | Found Joguni's Antique Armour Shop.
  9043 | D:9      | Found a staircase to the Orcish Mines.
  9183 | D:9      | Noticed a two-headed ogre
  9197 | D:9      | Killed a two-headed ogre
  9197 | D:9      | Reached XP level 11. HP: 29/86 MP: 14/14
  9592 | D:10     | Entered Level 10 of the Dungeon
  9592 | D:10     | Noticed a two-headed ogre
  9666 | D:9      | Killed a two-headed ogre
  9868 | D:9      | HP: 4/86 [necrophage (1)]
 10170 | D:10     | Reached skill level 11 in Long Blades
 10194 | D:10     | Found a snail-covered altar of Cheibriados.
 10632 | D:10     | Cast into level 1 of the Abyss (orc priest)
 10632 | Abyss:1  | Found a corrupted altar of Lugonu.
 10637 | Abyss:1  | Noticed a thrashing horror
 10670 | Abyss:1  | Killed a thrashing horror
 10683 | Abyss:1  | Noticed a starcursed mass
 10695 | D:10     | Escaped the Abyss
 11019 | D:10     | Noticed a two-headed ogre
 11033 | D:10     | Killed a two-headed ogre
 11150 | D:10     | Found Mouzahov's Distillery.
 11159 | D:10     | Bought a potion of mutation for 120 gold pieces
 11160 | D:10     | Lost mutation: Armour fits poorly on your strangely shaped
                  | body. [potion of mutation]
 11160 | D:10     | Lost mutation: Your spells are a little easier to cast, but
                  | a little less powerful. [potion of mutation]
 11160 | D:10     | Lost mutation: Your flesh is cold resistant. (rC+) [potion
                  | of mutation]
 11160 | D:10     | Gained mutation: Your muscles are strong. (Str +2) [potion
                  | of mutation]
 11160 | D:10     | Gained mutation: You have a pair of large horns on your
                  | head. [potion of mutation]
 11160 | D:10     | Gained mutation: You have supernaturally acute eyesight.
                  | (SInv) [potion of mutation]
 11467 | D:11     | Noticed a white ugly thing
 11477 | D:11     | Killed a white ugly thing
 11697 | D:11     | Noticed a two-headed ogre
 11704 | D:11     | Killed a two-headed ogre
 11704 | D:11     | Reached skill level 12 in Long Blades
 11856 | D:11     | Reached XP level 12. HP: 76/95 MP: 15/15
 11925 | D:11     | HP: 4/95 [cyclops/large rock (36)]
 11928 | D:11     | Slain by a cyclops

Skill      XL: |  1  2  3  4  5  6  7  8  9 10 11 |
---------------+----------------------------------+-----
Long Blades    | 3 4 5 6 7 9 10 12 | 12.1
Stealth        | 2 3 4 |  4.4
Armour         | 1 2 3 4 5 7 |  7.8
Dodging        | 3 4 5 6 |  6.7
Fighting       | 4 5 6 8 9 |  9.2
Evocations     | 2 3 |  3.0

Action                   |  1- 3 |  4- 6 |  7- 9 | 10-12 || total
-------------------------+-------+-------+-------+-------++-------
Melee: Falchion          |    80 |   106 |       |       ||   186
       Headbutt          |     9 |    35 |    99 |    92 ||   235
       Long sword        |       |    37 |   335 |   327 ||   699
       Kick              |       |       |     8 |   120 ||   128
Invok: Curse Item        |       |       |     5 |     1 ||     6
Evoke: Wand              |       |       |       |    22 ||    22
  Use: Potion            |       |     5 |     8 |    21 ||    34
       Scroll            |       |     8 |     2 |     1 ||    11
 Stab: Distracted        |       |     2 |     4 |     1 ||     7
  Eat: Chunk             |     2 |     5 |    17 |    11 ||    35
       Ration            |       |       |     2 |     1 ||     3
Armor: Robe              |     8 |       |       |       ||     8
       Ring mail         |    28 |    74 |    76 |   103 ||   281
       Scale mail        |       |       |    57 |       ||    57
       Skin              |       |       |       |    18 ||    18
Dodge: Dodged            |    60 |   158 |   197 |   257 ||   672
       Rpst.: Falchion   |    23 |    34 |       |       ||    57
       Long sword        |       |    19 |    72 |    77 ||   168
